 Dungeon Crawl Stone Soup version 0.26-a0-690-gcb57259078 (webtiles) character file.

Game seed: 2050169086607295214

9862 Gargoyl the Fighter (level 11, -2/89 HPs)
             Began as a Gnoll Abyssal Knight on Oct 24, 2020.
             Was an Elder of Lugonu.
             Killed from afar by an orc sorcerer (29 damage)
             ... with a bolt of fire
             ... on level 1 of the Abyss.
             The game lasted 00:15:21 (9132 turns).

Gargoyl the Fighter (Gnoll Abyssal Knight)          Turns: 9132, Time: 00:15:22

Health: -2/89      AC: 21    Str: 18    XL:     11   Next: 53%
Magic:  20/20      EV:  7    Int: 14    God:    Lugonu [****..]
Gold:   439        SH: 10    Dex: 15    Spells: 22/22 levels left

rFire    . . .     SeeInvis .   u - +7 Screaming Sword {vorpal, sonic wave}
rCold    . . .     Faith    .   B - +0 kite shield (curse)
rNeg     . . .     Spirit   .   m - +0 plate armour
rPois    .         Reflect  .   d - +2 helmet
rElec    .         Harm     .   f - +0 cloak
rCorr    .         Rampage  .   q - +0 pair of gloves
MR       ++...                  b - +0 pair of boots
Stlth    ..........             k - amulet of regeneration
HPRegen  0.64/turn              t - ring of protection from magic
MPRegen  0.17/turn              g - ring of protection from magic

@: no status effects
A: distributed training, fangs 1, strong nose
a: Depart the Abyss, Bend Space, Banish, Corrupt, Renounce Religion


You were on level 1 of the Abyss.
You worshipped Lugonu.
Lugonu was greatly pleased with you.
You visited 2 branches of the dungeon, and saw 11 of its levels.
You visited the Abyss 2 times.
You also visited: Ossuary.

You collected 529 gold pieces.
You spent 90 gold pieces at shops.

Inventory:

Hand Weapons
 a - a +2 hand axe
 s - a +2 war axe of freezing
 u - the +7 Screaming Sword (weapon) {vorpal, sonic wave}
   (You found it on level 8 of the Dungeon)

   It inflicts extra damage upon your enemies.
Missiles
 c - 31 poisoned darts (quivered)
Armour
 b - a +0 pair of boots (worn)
 d - a +2 helmet (worn)
 f - a +0 cloak (worn)
 m - a +0 plate armour (worn)
 n - a +0 buckler
 q - a +0 pair of gloves (worn)
 B - a cursed +0 kite shield (worn)
Jewellery
 g - a ring of protection from magic (right hand)
 k - an amulet of regeneration (around neck)
 t - a ring of protection from magic (left hand)
Wands
 i - a wand of iceblast (11)
 x - a wand of disintegration (26)
 C - a wand of random effects (29)
 D - a wand of acid (10)
Scrolls
 e - 6 scrolls of teleportation
 h - 3 scrolls of identify
 v - 3 scrolls of remove curse
 w - 2 scrolls of magic mapping
 y - a scroll of enchant armour
Potions
 j - a potion of flight
 l - a potion of invisibility
 o - 7 potions of ambrosia
 p - 4 potions of curing
 r - 2 potions of mutation {unknown}
 z - 2 potions of stabbing {unknown}
 A - a potion of heal wounds {unknown}


   Skills:
 + Level 9.2 Fighting
 + Level 6.3 Short Blades
 + Level 6.3 Long Blades
 + Level 7.9 Axes
 + Level 6.3 Maces & Flails
 + Level 6.3 Polearms
 + Level 6.3 Staves
 + Level 6.3 Slings
 + Level 6.3 Bows
 + Level 6.3 Crossbows
 + Level 6.3 Throwing
 + Level 7.9 Armour
 + Level 6.9 Dodging
 + Level 6.3 Stealth
 + Level 6.3 Shields
 + Level 6.3 Unarmed Combat
 + Level 6.3 Spellcasting
 + Level 5.3 Conjurations
 + Level 5.3 Hexes
 + Level 5.3 Summonings
 + Level 5.3 Necromancy
 + Level 5.3 Translocations
 + Level 5.3 Transmutations
 + Level 5.3 Fire Magic
 + Level 5.3 Ice Magic
 + Level 5.3 Air Magic
 + Level 5.3 Earth Magic
 + Level 5.3 Poison Magic
 + Level 8.4 Invocations
 + Level 6.3 Evocations


You had 22 spell levels left.
You didn't know any spells.
Your spell library contained the following spells:

 Spells                   Type           Power        Failure   Level
 Animate Skeleton         Necr           ###...       82%         1
 Corona                   Hex            ###....      82%         1
 Pain                     Necr           ###.         82%         1
 Ensorcelled Hibernation  Hex/Ice        ###...       91%         2
 Confusing Touch          Hex            ###.....     99%         3
 Dazzling Flash           Conj/Hex       ###...       99%         3
 Tukima's Dance           Hex            ###.....     99%         3
 Vampiric Draining        Necr           ###.......   99%         3
 Animate Dead             Necr           ###.......   100%        4
 Agony                    Necr           ###.....     100%        5


Dungeon Overview and Level Annotations

Branches:
Dungeon (10/15)            Temple (0/1) D:4            Lair (1/6) D:8
    Orc (0/2) D:9         Ossuary (visited)

Altars:
Fedhas
Makhleb
Vehumet
Xom
Yredelemnul
Zin
Beogh

Annotations:
Abyss:1 Grinder


Innate Abilities, Weirdness & Mutations

Your experience applies equally to all skills.
You have very sharp teeth.
Your uncanny sense of smell can sniff out nearby items.


Message History

You completely miss the orc sorcerer. You block the orc sorcerer's attack.
The ice devil hits you but does no damage.
You closely miss the orc sorcerer.
You bite the orc sorcerer, but do no damage.
The orc sorcerer hits you with a +0 dagger.
The ice devil hits you. The ice devil freezes you!
* * * LOW HITPOINT WARNING * * *
You block the orc sorcerer's attack.
You slash the orc sorcerer!
The Screaming Sword howls, "KNEE-DEEP IN BLOOD AND GOING STRONG!"
You send a blast of sound all around you.
The orc sorcerer, the smoke demon and the ice devil are blasted.
The orc sorcerer is severely wounded.
The smoke demon is moderately wounded.
The ice devil is moderately wounded.
The orc sorcerer is severely wounded.
You hear a roar!
You hear a shout!
You block the ice devil's attack.
The orc sorcerer gestures at you while chanting.
The bolt of fire hits you!!
You die...

.# ... . #. ##..
## ... . ### #
..#.# ..#. . ##
..##
#.##.###..##
#..##..#...#∆ ∆
#.∩##@.!.##
#..o4.....#
#...3....#..
#...##....#....#
#..##
#.....###.. ..
.#.....# ..
##........ # .
#.#.....#
#.#..#.#.


You could see an ice devil (summoned), a smoke demon and an orc sorcerer.

Vanquished Creatures
  A large abomination (Abyss:1)
  An unseen horror (D:10)
  2 cane toads (Lair:1)
  2 komodo dragons (Lair:1)
  A queen bee (Lair:1)
  A troll (D:10)
  A shadow (Abyss:1)
  Menkaure (D:6)
  Edmund (D:6)
  A warg (D:9)
  2 water moccasins (Lair:1)
  4 orc warriors
  4 sky beasts
  4 ice beasts
  4 ogres
  3 centaurs
  A big kobold (D:7)
  6 bullfrogs
  2 elf skeletons (D:5)
  A gnoll sergeant (D:9)
  2 water moccasin zombies
  A wyvern skeleton (D:10)
  3 scorpions
  23 killer bees (Lair:1)
  8 wights
  4 howler monkeys
  4 centaur zombies
  10 orc wizards
  A hound (D:9)
  8 orc priests
  A bullfrog skeleton (D:5)
  3 centaur skeletons
  Jessica (D:3)
  2 iguanas
  Natasha (thrice) (D:3)
  7 worker ants
  A hound skeleton (D:4)
  9 mummies (Ossuary)
  16 gnolls
  A howler monkey skeleton (D:6)
  19 adders
  2 river rats (D:5)
  A shadow imp (D:8)
  3 white imps
  2 ufetubi
  2 oozes (D:2)
  An adder skeleton (D:8)
  3 worms
  4 dart slugs
  3 leopard geckos
  46 orcs
  3 ball pythons
  7 giant cockroaches
  7 goblins
  A hobgoblin (D:1)
  14 kobolds
  2 quokkas
  8 bats
  2 frilled lizards
  A jackal zombie (Ossuary)
  A leopard gecko skeleton (D:4)
  A leopard gecko zombie (D:5)
  3 orc skeletons (D:5)
  An orc zombie (D:5)
  3 rats
291 creatures vanquished.

Vanquished Creatures (others)
  4 fungi (Lair:1)
  27 plants
  2 withered plants (Ossuary)
33 creatures vanquished.

Grand Total: 324 creatures vanquished

Notes
Turn   | Place    | Note
-------+----------+-------------------------------------------
     0 | Abyss:1  | Gargoyl the Gnoll Abyssal Knight began the quest for the
                  | Orb.
     0 | Abyss:1  | Reached XP level 1. HP: 23/23 MP: 3/3
    54 | Abyss:2  | Found a corrupted altar of Lugonu.
   100 | Abyss:2  | Noticed a small abomination
   110 | Abyss:2  | Noticed an Executioner
   113 | D:1      | Escaped the Abyss
   407 | D:1      | Reached XP level 2. HP: 28/29 MP: 5/5
   409 | D:1      | Reached * piety under Lugonu
   998 | D:3      | Reached XP level 3. HP: 10/35 MP: 6/6
  1026 | D:3      | HP: 1/35 [poisoned by an adder]
  1346 | D:3      | Reached skill level 1 in Short Blades
  1346 | D:3      | Reached skill level 1 in Long Blades
  1346 | D:3      | Reached skill level 1 in Maces & Flails
  1346 | D:3      | Reached skill level 1 in Polearms
  1346 | D:3      | Reached skill level 1 in Staves
  1346 | D:3      | Reached skill level 1 in Slings
  1346 | D:3      | Reached skill level 1 in Bows
  1346 | D:3      | Reached skill level 1 in Crossbows
  1346 | D:3      | Reached skill level 1 in Throwing
  1346 | D:3      | Reached skill level 1 in Stealth
  1346 | D:3      | Reached skill level 1 in Shields
  1346 | D:3      | Reached skill level 1 in Unarmed Combat
  1346 | D:3      | Reached skill level 1 in Spellcasting
  1346 | D:3      | Reached skill level 1 in Evocations
  1632 | D:2      | Reached XP level 4. HP: 39/41 MP: 7/7
  2040 | D:3      | Reached skill level 1 in Conjurations
  2040 | D:3      | Reached skill level 1 in Hexes
  2040 | D:3      | Reached skill level 1 in Summonings
  2040 | D:3      | Reached skill level 1 in Necromancy
  2040 | D:3      | Reached skill level 1 in Translocations
  2040 | D:3      | Reached skill level 1 in Transmutations
  2040 | D:3      | Reached skill level 1 in Fire Magic
  2040 | D:3      | Reached skill level 1 in Ice Magic
  2040 | D:3      | Reached skill level 1 in Air Magic
  2040 | D:3      | Reached skill level 1 in Earth Magic
  2040 | D:3      | Reached skill level 1 in Poison Magic
  2040 | D:3      | Noticed Jessica
  2046 | D:3      | Reached XP level 5. HP: 45/47 MP: 8/8
  2047 | D:3      | Reached ** piety under Lugonu
  2056 | D:3      | Killed Jessica
  2085 | D:3      | Noticed Natasha
  2104 | D:3      | Killed Natasha
  2345 | D:3      | Noticed Natasha
  2353 | D:3      | Killed Natasha
  2497 | D:3      | Noticed Natasha
  2510 | D:3      | Killed Natasha
  2510 | D:3      | Reached skill level 5 in Invocations
  2510 | D:3      | Reached XP level 6. HP: 40/53 MP: 9/9
  2747 | D:3      | Found a blossoming altar of Fedhas.
  2747 | D:3      | Found a radiant altar of Vehumet.
  2774 | D:4      | Found a staircase to the Ecumenical Temple.
  2788 | D:4      | Reached skill level 5 in Axes
  2788 | D:4      | Reached skill level 5 in Armour
  2946 | D:4      | Found Zin's Purification Station.
  2946 | D:4      | Found a glowing silver altar of Zin.
  2960 | D:4      | Bought a potion of curing for 90 gold pieces
  2991 | D:4      | Reached XP level 7. HP: 59/59 MP: 10/10
  3022 | D:4      | Reached skill level 7 in Fighting
  3550 | D:5      | Entered Level 5 of the Dungeon
  3656 | D:5      | Reached *** piety under Lugonu
  3738 | D:5      | Reached XP level 8. HP: 67/67 MP: 12/12
  3847 | D:5      | Found a sand-covered staircase.
  3854 | Ossuary  | Entered an ossuary
  4347 | D:5      | Found a shimmering altar of Xom.
  4674 | D:5      | Noticed Grinder
  4678 | D:5      | Banished Grinder
  5076 | D:6      | Noticed Menkaure
  5084 | D:6      | Killed Menkaure
  5241 | D:6      | Reached XP level 9. HP: 60/73 MP: 14/14
  5499 | D:6      | Noticed Edmund
  5539 | D:6      | Killed Edmund
  5819 | D:7      | Reached skill level 5 in Dodging
  6222 | D:7      | Found a runed translucent door.
  6535 | D:7      | Reached **** piety under Lugonu
  6555 | D:7      | Reached skill level 8 in Fighting
  6597 | D:7      | Found a roughly hewn altar of Beogh.
  6693 | D:8      | Found the +7 Singing Sword {vorpal, sonic wave}
  6883 | D:8      | Reached XP level 10. HP: 80/80 MP: 17/17
  6995 | D:8      | Found a shimmering altar of Xom.
  6995 | D:8      | Found a burning altar of Makhleb.
  6996 | D:8      | Found a basalt altar of Yredelemnul.
  7164 | D:8      | Reached ***** piety under Lugonu
  7165 | D:8      | Reached skill level 5 in Short Blades
  7165 | D:8      | Reached skill level 5 in Long Blades
  7165 | D:8      | Reached skill level 5 in Maces & Flails
  7165 | D:8      | Reached skill level 5 in Polearms
  7165 | D:8      | Reached skill level 5 in Staves
  7165 | D:8      | Reached skill level 5 in Slings
  7165 | D:8      | Reached skill level 5 in Bows
  7165 | D:8      | Reached skill level 5 in Crossbows
  7165 | D:8      | Reached skill level 5 in Throwing
  7165 | D:8      | Reached skill level 5 in Stealth
  7165 | D:8      | Reached skill level 5 in Shields
  7165 | D:8      | Reached skill level 5 in Unarmed Combat
  7165 | D:8      | Reached skill level 5 in Spellcasting
  7165 | D:8      | Reached skill level 5 in Evocations
  7216 | D:8      | Found a staircase to the Lair.
  7997 | D:9      | Found a staircase to the Orcish Mines.
  8093 | D:10     | Entered Level 10 of the Dungeon
  8224 | D:10     | Killed an unseen horror
  8370 | D:10     | Reached XP level 11. HP: 87/87 MP: 19/19
  8410 | Lair:1   | Entered Level 1 of the Lair of Beasts
  8490 | Lair:1   | Reached skill level 9 in Fighting
  8617 | Lair:1   | Reached skill level 5 in Conjurations
  8617 | Lair:1   | Reached skill level 5 in Hexes
  8617 | Lair:1   | Reached skill level 5 in Summonings
  8617 | Lair:1   | Reached skill level 5 in Necromancy
  8617 | Lair:1   | Reached skill level 5 in Translocations
  8617 | Lair:1   | Reached skill level 5 in Transmutations
  8617 | Lair:1   | Reached skill level 5 in Fire Magic
  8617 | Lair:1   | Reached skill level 5 in Ice Magic
  8617 | Lair:1   | Reached skill level 5 in Air Magic
  8617 | Lair:1   | Reached skill level 5 in Earth Magic
  8617 | Lair:1   | Reached skill level 5 in Poison Magic
  8964 | Lair:1   | Noticed a seven-headed hydra
  8978 | Lair:1   | HP: 4/89 [ten-headed hydra (2)]
  9112 | Abyss:1  | Noticed a large abomination
  9112 | Abyss:1  | Noticed an orc sorcerer
  9123 | Abyss:1  | Killed a large abomination
  9132 | Abyss:1  | Killed from afar by an orc sorcerer

Illustrated notes

Levels and vault maps discovered:
D:1:      lightli_molten_gateway, layout_loops_cross
D:2:      layout_rooms
D:3:      layout_basic, gammafunk_temple_overflow_elements, uniq_jessica,
          uniq_natasha
D:4:      layout_loops_cross, zin_purify, minmay_temple_entry_crystal_x
D:5:      layout_basic, lightli_sewer_entry_pipes,
          nicolae_ossuary_entry_catacombs, xom_redecorated, uniq_grinder
D:6:      layout_basic, serial_park_tiny_1, minmay_misc_feat_ornament,
          uniq_edmund, uniq_menkaure
D:7:      layout_rooms, serial_bayou_lagoon_a, lightli_church_of_beogh
D:8:      layout_loops_cross, gammafunk_temple_overflow_claw, lair_entry_dummy
D:9:      layout_loops_cross, david_orc_3
D:10:     layout_irregular_city
Lair:1:   layout_misc_corridors, special_room [special_room_bee], minmay_holes
Abyss:1:  base:
D:14

Skill      XL: |  1  2  3  4  5  6  7  8  9 10 11 |
---------------+----------------------------------+-----
Short Blades   | 1 2 3 4 5 6 |  6.3
Long Blades    | 1 2 3 4 5 6 |  6.3
Maces & Flails | 1 2 3 4 5 6 |  6.3
Polearms       | 1 2 3 4 5 6 |  6.3
Staves         | 1 2 3 4 5 6 |  6.3
Slings         | 1 2 3 4 5 6 |  6.3
Bows           | 1 2 3 4 5 6 |  6.3
Crossbows      | 1 2 3 4 5 6 |  6.3
Throwing       | 1 2 3 4 5 6 |  6.3
Stealth        | 1 2 3 4 5 6 |  6.3
Shields        | 1 2 3 4 5 6 |  6.3
Unarmed Combat | 1 2 3 4 5 6 |  6.3
Spellcasting   | 1 2 3 4 5 6 |  6.3
Evocations     | 1 2 3 4 5 6 |  6.3
Conjurations   | 1 2 3 4 5 |  5.3
Hexes          | 1 2 3 4 5 |  5.3
Summonings     | 1 2 3 4 5 |  5.3
Necromancy     | 1 2 3 4 5 |  5.3
Translocations | 1 2 3 4 5 |  5.3
Transmutations | 1 2 3 4 5 |  5.3
Fire Magic     | 1 2 3 4 5 |  5.3
Ice Magic      | 1 2 3 4 5 |  5.3
Air Magic      | 1 2 3 4 5 |  5.3
Earth Magic    | 1 2 3 4 5 |  5.3
Poison Magic   | 1 2 3 4 5 |  5.3
Dodging        | 3 4 5 6 |  6.9
Invocations    | 5 6 7 8 |  8.4
Axes           | 5 6 7 |  7.9
Armour         | 5 6 7 |  7.9
Fighting       | 7 8 9 |  9.2

Action                   |  1- 3 |  4- 6 |  7- 9 | 10-12 || total
-------------------------+-------+-------+-------+-------++-------
Melee: Hand axe          |    58 |   199 |   207 |       ||   464
       Bite              |     4 |    24 |   146 |    23 ||   197
       Punch             |     1 |       |       |       ||     1
       Falchion          |       |       |   596 |       ||   596
       War axe           |       |       |    46 |       ||    46
       Double sword      |       |       |    26 |   211 ||   237
Throw: Dart              |     3 |     1 |    31 |     5 ||    40
Invok: Depart the Abyss  |     1 |       |       |       ||     1
       Banish            |       |       |     2 |     2 ||     4
       Enter the Abyss   |       |       |       |     1 ||     1
  Use: Potion            |     3 |       |     4 |       ||     7
       Scroll            |     2 |     9 |     9 |       ||    20
Armor: Leather armour    |    18 |    27 |       |       ||    45
       Chain mail        |       |    33 |       |       ||    33
       Plate armour      |       |   105 |   536 |   190 ||   831
       Skin              |       |       |     4 |       ||     4
Dodge: Dodged            |    50 |   100 |   291 |    89 ||   530
Block: Buckler           |       |    21 |   184 |    19 ||   224
       Kite shield       |       |       |       |   127 ||   127
       Rpst.: Falchion   |       |       |    58 |       ||    58
       Double sword      |       |       |     2 |    28 ||    30

Table legend: (Time is in decaauts)
 A = Elapsed time spent in this place.
 B = Non-inter-level travel time spent in this place.
 C = Inter-level travel time spent in this place.
 D = Time resting spent in this place.
 E = Time spent auto-exploring this place.
 F = Levels seen in this place.
 G = Mean time per level.
                   A        B        C        D        E       F      G
               +--------+--------+--------+--------+--------+-----+--------+
         Total |   9339 |   9154 |    185 |   1225 |   5033 |  15 |  622.6 |
       Dungeon |   8225 |   8041 |    184 |    960 |   4658 |  10 |  822.5 |
          Lair |    586 |    586 |      0 |    135 |    281 |   1 |  586.0 |
         Abyss |    268 |    268 |      0 |    130 |     94 |   3 |   89.3 |
       Ossuary |    258 |    258 |      0 |      0 |      0 |   1 |  258.0 |
               +--------+--------+--------+--------+--------+-----+--------+

Top non-repeatable levels by time:
     D:3: 1385 daAuts
     D:5: 1299 daAuts
     D:7: 951 daAuts
     D:1: 868 daAuts
     D:8: 849 daAuts
     D:4: 781 daAuts
     D:6: 715 daAuts
     D:9: 653 daAuts
  Lair:1: 586 daAuts
     D:2: 420 daAuts
    D:10: 300 daAuts
 Ossuary: 258 daAuts
 Abyss:1: 208 daAuts
 Abyss:2: 59 daAuts
